 Dungeon Crawl Stone Soup version 0.23.0 (webtiles) character file.

Game seed: 3388145065885849807

73 zishaf the Grasshopper (level 4, -4/29 HPs)
             Began as a Halfling Warper on Feb 19, 2019.
             Killed from afar by an orc wizard (6 damage)
             ... with a magic dart
             ... on level 3 of the Dungeon.
             The game lasted 00:04:28 (2671 turns).

zishaf the Grasshopper (Halfling Warper)            Turns: 2671, Time: 00:04:29

Health: -4/29      AC:  5    Str: 12    XL:     4   Next: 51%
Magic:  0/6        EV: 14    Int: 11    God:
Gold:   89         SH:  0    Dex: 14    Spells: 2/6 levels left

rFire    . . .     SeeInvis .   a - +0 short sword
rCold    . . .     Gourm    .   (shield restricted)
rNeg     . . .     Faith    .   o - +0 ring mail
rPois    .         Spirit   +   (no helmet)
rElec    .         Reflect  .   (no cloak)
rCorr    .         Harm     .   (no gloves)
MR       .....                  (no boots)
Stlth    +.........             i - amulet of guardian spirit
HPRegen  0.09/turn              (no ring)
MPRegen  0.10/turn              (no ring)

@: no status effects
A: small, mutation resistance 1
a: no special abilities


You were on level 3 of the Dungeon.
You were not hungry.

You visited 1 branch of the dungeon, and saw 3 of its levels.

You collected 89 gold pieces.

Inventory:

Hand Weapons
 a - a +0 short sword (weapon)
Missiles
 c - a tomahawk (quivered)
 g - 45 stones
 h - 18 sling bullets
Armour
 o - a +0 ring mail (worn)
Jewellery
 i - an amulet of guardian spirit (around neck)
 p - an uncursed amulet of magic regeneration
Scrolls
 d - 5 scrolls of blinking
 j - 3 scrolls of enchant armour {unknown}
 l - 3 scrolls of teleportation {unknown}
 n - a scroll of fog {unknown}
 q - a scroll of identify {unknown}
 r - a scroll of random uselessness {unknown}
Potions
 b - a potion of heal wounds {unknown}
 e - 2 potions of magic {unknown}
 k - 2 potions of curing {unknown}
 m - a potion of lignification {unknown}
Comestibles
 f - 8 rations


   Skills:
 - Level 2.0 Fighting
 + Level 3.0 Short Blades
 - Level 1.0 Throwing
 + Level 2.0 Armour
 + Level 2.8 Dodging
 + Level 1.6 Stealth
 + Level 1.9 Spellcasting
 + Level 0.4 Charms
 + Level 3.4 Translocations


You had 2 spell levels left.
You knew the following spells:

 Your Spells              Type           Power        Failure   Level  Hunger
a - Blink                 Tloc           N/A          24%         2    ###....
b - Shroud of Golubria    Chrm/Tloc      #.........   41%         2    ###....

Your spell library contained the following spells:

 Spells                   Type           Power        Failure   Level  Hunger
 Gell's Gravitas          Tloc           #.........   43%         3    ####...
 Lesser Beckoning         Tloc           #.........   43%         3    ####...
 Teleport Other           Tloc           #.......     43%         3    ####...
 Passage of Golubria      Tloc           N/A          83%         4    #####..


Dungeon Overview and Level Annotations

Branches:
Dungeon (3/15)

Altars:
Vehumet


Innate Abilities, Weirdness & Mutations

You are small and have problems with some larger weapons.
You are somewhat resistant to further mutation.


Message History

You hit something but do no damage.
You hear some strange, mumbled words.
A magic dart appears from out of thin air!
The magic dart hits you.
* * * LOW HITPOINT WARNING * * *
You miss something. Something hits you but does no damage.
You completely miss something.
You hear some strange, mumbled words.
A magic dart appears from out of thin air!
The magic dart hits you.
* * * LOW HITPOINT WARNING * * *
You closely miss something.
You hear some strange, mumbled words.
Something tries to affect you, but you resist.
You hit something but do no damage. Something hits you but does no damage.
You miss something.
You hear some strange, mumbled words.
A magic dart appears from out of thin air!
The magic dart hits you!
You die...

.. o..
.... .....
####o.....
#....#
#(##.# #{#
# #@# ###


There were no monsters in sight!

Vanquished Creatures
  A gnoll (D:1)
  2 adders
  A worm (D:3)
  A dart slug (D:2)
  3 orcs
  4 giant cockroaches
  3 goblins
  5 hobgoblins
  2 jackals (D:2)
  A kobold (D:1)
  6 bats
  2 frilled lizards (D:2)
  4 rats
35 creatures vanquished.

Notes
Turn   | Place    | Note
-------+----------+-------------------------------------------
     0 | D:1      | zishaf the Halfling Warper began the quest for the Orb.
     0 | D:1      | Reached XP level 1. HP: 14/14 MP: 3/3
   278 | D:1      | Reached XP level 2. HP: 5/19 MP: 1/4
   288 | D:1      | Reached skill level 1 in Stealth
   678 | D:1      | Reached XP level 3. HP: 24/24 MP: 5/5
   936 | D:2      | Found a radiant altar of Vehumet.
  1093 | D:2      | Learned a level 2 spell: Blink
  1096 | D:2      | Learned a level 2 spell: Shroud of Golubria
  1421 | D:2      | Reached XP level 4. HP: 20/29 MP: 4/6
  2671 | D:3      | Killed from afar by an orc wizard

Skill      XL: |  1  2  3  4 |
---------------+-------------+-----
Stealth        | 1 |  1.6
Fighting       | 2 |  2.0
Short Blades   | 3 |  3.0
Armour         | 2 |  2.0
Throwing       | |  1.0
Dodging        | |  2.8
Spellcasting   | |  1.9
Charms         | |  0.4
Translocations | |  3.4

Action                   |  1- 3 |  4- 6 || total
-------------------------+-------+-------++-------
Melee: Short sword       |   136 |   147 ||   283
Throw: Tomahawk          |     5 |       ||     5
       Stone             |       |    14 ||    14
 Stab: Sleeping          |     1 |     1 ||     2
  Eat: Chunk             |     2 |     1 ||     3
       Ration            |       |     1 ||     1
Armor: Leather armour    |    30 |       ||    30
       Ring mail         |    18 |    42 ||    60
Dodge: Dodged            |   126 |    38 ||   164
